 Dungeon Crawl Stone Soup version 0.29.1-12-g30fa7ad0bf (webtiles) character file.

Game seed: 6086389889549652941

1568 croobank the Covert (level 8, -1/55 HPs)
             Began as an Octopode Delver on Jan 4, 2023.
             Slain by an orc warrior
             ... wielding a +0 battleaxe
              (20 damage)
             ... on level 7 of the Dungeon.
             The game lasted 00:25:58 (9117 turns).

croobank the Covert (Octopode Delver)               Turns: 9117, Time: 00:25:59

Health: -1/55      AC:  1    Str: 18    XL:     8   Next: 90%
Magic:  13/13      EV: 14    Int: 13    God:
Gold:   255        SH:  0    Dex: 13    Spells: 9/13 levels left

rFire   . . .      SeeInvis .   a - +8 short sword of Extremism {vorpal, Will- Str+5}
rCold   + . .      Faith    .   (no shield)
rNeg    . . .      Spirit   .   (helmet restricted)
rPois   +          Reflect  .   t - amulet of the acrobat
rElec   .          Harm     .   k - ring of poison resistance
rCorr   .          Rampage  .   x - ring of protection from cold
Will    .....                   (no ring)
Stlth   +++++.....              (no ring)
HPRegen 0.18/turn               (no ring)
MPRegen 0.13/turn               (no ring)
                                (no ring)
                                (no ring)

@: about to teleport
A: almost no armour, amphibious, 8 rings, camouflage 1, gelatinous body 1,
(nimble swimmer 1), tentacles
a: no special abilities


You were on level 7 of the Dungeon.
You visited 2 branches of the dungeon, and saw 9 of its levels.

You collected 305 gold pieces.
You spent 50 gold pieces at shops.

Inventory:

Hand Weapons
 a - the +8 short sword of Extremism (weapon) {vorpal, Will- Str+5}
   (You found it on level 3 of the Dungeon)

   It inflicts extra damage upon your enemies.
   Str:       It affects your strength (+5).
   Will:      It decreases your willpower.
 b - a +2 shortbow of flaming
 d - a +0 falchion
 i - a +0 dagger
 j - a +1 hand axe
 l - a +0 mace
 m - a +0 short sword
 u - a +2 whip of venom
 z - a +0 war axe
Missiles
 E - 8 poisoned darts
Armour
 n - a +1 kite shield
Jewellery
 h - a ring of wizardry
 k - a ring of poison resistance (left tentacle)
 t - an amulet of the acrobat (around mantle)
 x - a ring of protection from cold (right tentacle)
Wands
 f - a wand of digging (3)
Scrolls
 v - a scroll of noise
 y - 3 scrolls of teleportation
 B - a scroll of identify
 D - 2 scrolls of fog
 F - a scroll of immolation
 G - a scroll of blinking
Potions
 c - a potion of resistance
 e - 2 potions of flight
 g - 2 potions of ambrosia
 o - a potion of might
 p - 2 potions of attraction {unknown}
 q - a potion of brilliance {unknown}
 r - 3 potions of mutation {unknown}
 s - 6 potions of heal wounds
 w - a potion of curing
 A - a potion of invisibility
 C - a potion of lignification {unknown}


   Skills:
 + Level 5.1 Fighting
 + Level 3.1 Short Blades
 - Level 2.9 Axes
 + Level 4.5 Dodging
 + Level 8.8 Stealth
 * Level 3.3 Spellcasting
 * Level 3.7 Conjurations
 * Level 3.8 Translocations


You had 9 spell levels left.
You knew the following spells:

 Your Spells              Type           Power      Damage    Failure   Level
a - Iskenderun's Mystic   Conj/Tloc      11%        2d4       43%         4

Your spell library contained the following spells:

 Spells                   Type           Power      Damage    Failure   Level
 Dazzling Flash           Conj/Hex       12%        N/A       30%         3
 Ozocubu's Armour         Ice            2%         N/A       54%         3
 Starburst                Conj/Fire      3%         6d3       100%        6
 Ozocubu's Refrigeration  Ice            1%         4d7       100%        7


Dungeon Overview and Level Annotations

Branches:
Dungeon (8/15)             Temple (1/1) D:6
   Lair: D:8-11

Altars:
Dithmenos
Hepliaklqana
Kikubaaqudgha
Makhleb
Okawaru
Qazlal
Sif Muna
Trog
Vehumet
Wu Jian
Yredelemnul
Zin
The Shining One

Shops:
D:5 (   D:6 !

Annotations:
D:4 Edmund
D:5 Eustachio


Innate Abilities, Weirdness & Mutations

You cannot wear most types of armour.
You are amphibious.
You can wear up to eight rings at the same time.
Your skin changes colour to match your surroundings (Stealth+).
Your rubbery body absorbs attacks. (AC +1, EV +1)
((You are camouflaged when in or above water. (Stealth+)))
You have tentacles for arms and can constrict up to eight enemies at once.


Message History

a +0 dagger; 8 poisoned darts
E - 8 poisoned darts
Things that are here:
a +0 short sword; a kobold corpse A water moccasin comes into view.
Found a scroll of immolation.
Found a helmet.
The helpless water moccasin fails to defend itself.
You impale the water moccasin!!
You kill the water moccasin!
Found a potion of flight.
Found a ring mail and a scroll of blinking.
You see here a scroll of immolation.
F - a scroll of immolation You see here a +0 helmet.
An orc warrior and an orc priest come into view.
An orc priest comes into view. It is wielding a +0 trident.
The orc warrior shouts!
The orc priest shouts! x2; You hear a shout! x2
The orc priest invokes the aid of Beogh against you.
Beogh smites you!
An orc priest comes into view. It is wielding a +0 whip.
You hear a shout!
You see here a potion of flight.
e - 2 potions of flight (gained 1)
You see here a scroll of blinking.
G - a scroll of blinking You hit the orc warrior.
Your grab misses the orc warrior.
You tentacle-slap the orc warrior, but do no damage.
The orc warrior is lightly wounded.
The orc priest begins to cast a cantrip, but forgets the words!
The orc warrior hits you with a +0 battleaxe!
You hit the orc warrior. Your grab misses the orc warrior.
The orc warrior is moderately wounded.
The orc priest hits you from afar with a +0 trident.
As you read the scroll of teleportation, it crumbles to dust.
You feel strangely unstable. The orc warrior barely misses you.
The orc priest hits you from afar with a +0 trident.
The orc warrior attacks as you move away!
The orc warrior hits you with a +0 battleaxe!!
You die...

..... ... ...
... #'# .# #.#
... #.#
#.oo####@##
......#.o.##
...o.oo....#
......#...##
#...####.##
#.[.####.#####.#
##......[......#
#######.#######
#.#


You could see an orc warrior and 2 orc priests.

Vanquished Creatures
  A water moccasin (D:7)
  An ice beast (D:6)
  An orc warrior (D:6)
  A black bear (D:4)
  An ogre (D:7)
  2 phantoms
  A centaur (D:7)
  A kobold brigand (D:7)
  3 bullfrogs
  A necrophage (D:4)
  A scorpion (D:6)
  2 hounds
  2 orc priests (D:5)
  3 jellies
  A mummy (D:6)
  11 adders
  6 gnolls
  2 shadow imps (D:5)
  A white imp (D:6)
  An ufetubus (D:6)
  2 worms (D:2)
  3 dart slugs
  11 orcs
  6 endoplasms
  6 giant cockroaches
  13 goblins
  7 hobgoblins
  2 quokkas (D:2)
  5 ball pythons
  6 bats
  3 frilled lizards
  10 kobolds
  5 rats
  3 bushes (D:3)
125 creatures vanquished.

Vanquished Creatures (others)
  A plant (D:3)
1 creature vanquished.

Grand Total: 126 creatures vanquished

Notes
Turn   | Place    | Note
-------+----------+-------------------------------------------
     0 | D:5      | croobank the Octopode Delver began the quest for the Orb.
     0 | D:5      | Reached XP level 1. HP: 16/16 MP: 1/1
    27 | D:6      | Noticed a phantom
    54 | D:5      | Noticed an orc priest
   384 | D:4      | Reached XP level 2. HP: 4/21 MP: 2/2
   590 | D:5      | Noticed Eustachio
   634 | D:4      | Noticed a phantom
   638 | D:4      | Reached XP level 3. HP: 19/26 MP: 3/3
  1578 | D:1      | Reached skill level 7 in Stealth
  1591 | D:1      | Found a faded altar of an unknown god.
  2740 | D:2      | Reached XP level 4. HP: 24/31 MP: 4/4
  3923 | D:3      | Reached XP level 5. HP: 37/37 MP: 5/5
  3937 | D:3      | Identified the +8 short sword of Extremism {vorpal, Will-
                  | Str+5}
  5155 | D:5      | Found Ydwirgh's Weapon Emporium.
  5180 | D:6      | Killed a phantom
  5181 | D:6      | Reached skill level 1 in Short Blades
  5181 | D:6      | Reached XP level 6. HP: 32/43 MP: 6/6
  5278 | D:5      | Learned a level 4 spell: Iskenderun's Mystic Blast
  5434 | D:4      | Noticed an ice beast
  6266 | D:4      | Reached skill level 8 in Stealth
  6266 | D:4      | Reached skill level 1 in Conjurations
  6266 | D:4      | Reached skill level 1 in Translocations
  6297 | D:4      | Reached skill level 1 in Spellcasting
  6333 | D:4      | Reached XP level 7. HP: 28/49 MP: 8/8
  6899 | D:4      | Noticed Edmund
  7032 | D:5      | Found a shadowy altar of Dithmenos.
  8031 | D:6      | Found a staircase to the Ecumenical Temple.
  8036 | Temple   | Entered the Ecumenical Temple
  8108 | D:6      | Reached XP level 8. HP: 54/54 MP: 11/11
  8128 | D:6      | Found an ancient bone altar of Kikubaaqudgha.
  8132 | D:6      | Found a stormy altar of Qazlal.
  8464 | D:6      | Found a hazy altar of Hepliaklqana.
  8491 | D:6      | Found Temowux's Distillery.
  8723 | D:6      | Bought a potion of heal wounds for 50 gold pieces
  8872 | D:7      | Found a glowing golden altar of the Shining One.
  9002 | D:7      | Reached skill level 5 in Fighting
  9117 | D:7      | Slain by an orc warrior

Illustrated notes

Levels and vault maps discovered:
D:1:      heliophobic_arrival_ceremonial_halls, layout_basic,
          chequers_ecumenical_altar_simple
D:2:      layout_loops_ring
D:3:      wander_river, layout_basic, serial_forest, infiniplex_forest_diagonal,
          infiniplex_forest_clump_small, infiniplex_forest_end_2,
          infiniplex_forest_zigzag_1, infiniplex_forest_clump_medium,
          infiniplex_forest_straight_3
D:4:      layout_basic, grunt_ministairs_14, uniq_edmund
D:5:      layout_basic, grunt_dithmenos_shadows, serial_shops,
          kennysheep_little_box, saegor_snake_ambush, uniq_eustachio
D:6:      layout_rooms, minitemple, mainiacjoe_overflow_surrounded_room,
          temple_doors_e, gup_ossuary_entry_pyramid, minmay_misc_feat_diagonals,
          kennysheep_windowed_goal
D:7:      layout_loops_corners, tso_oasis_becter, nicolae_ru_awakened_eye
D:8:      layout_loops_ring, xom_teletrap_fun, mainiacjoe_overflow_catwalk,
          kennysheep_mini_moat, serial_shops, nicolae_diamond_shop,
          chequers_hall_statues_corner_a, hangedman_abyss_or_decor_passed
Temple:   hellmonk_temple_of_storms

Skill      XL: |  1  2  3  4  5  6  7  8 |
---------------+-------------------------+-----
Stealth        | 7 8 |  8.8
Dodging        | 3 4 |  4.5
Fighting       | 4 5 |  5.1
Short Blades   | 1 2 3 |  3.1
Conjurations   | 1 2 3 |  3.7
Translocations | 1 2 3 |  3.8
Spellcasting   | 1 2 3 |  3.3
Axes           | |  2.9

Action                   |  1- 3 |  4- 6 |  7- 9 || total
-------------------------+-------+-------+-------++-------
Melee: Hand axe          |    57 |    43 |       ||   100
       Constrict         |    18 |    21 |    12 ||    51
       Tentacles         |    12 |    53 |    14 ||    79
       Punch             |     1 |     4 |     3 ||     8
       Short sword       |       |   153 |    76 ||   229
  Use: Potion            |     3 |     3 |       ||     6
       Scroll            |     8 |     6 |     3 ||    17
 Stab: Sleeping          |    13 |    20 |    16 ||    49
Armor: Skin              |     1 |     8 |     3 ||    12
Dodge: Dodged            |    31 |    51 |    42 ||   124
